 Dungeon Crawl Stone Soup version 0.18-b1-17-g3aa4875 (webtiles) character file.

1129 Gingerlord the Skirmisher (level 8, -1/106 HPs)
             Began as a Minotaur Fighter on May 1, 2016.
             Succumbed to an orc wizard's poison
             ... on level 5 of the Dungeon.
             The game lasted 00:11:02 (3798 turns).

Gingerlord the Skirmisher (Minotaur Fighter)        Turns: 3798, Time: 00:11:02

Health: -1/106     AC: 10    Str: 25    XL:     8   Next: 13%
Magic:  7/7        EV:  9    Int: 10    God:
Gold:   234        SH: 11    Dex: 13    Spells: 0 memorised, 7 levels left

rFire  . . .     SeeInvis .     a - +0 war axe
rCold  . . .     Gourm    .     b - +0 scale mail
rNeg   . . .     Faith    .     c - +0 shield
rPois  .         Spirit   .     (helmet restricted)
rElec  .         Dismiss  +     r - +1 cloak
rCorr  .         Reflect  .     (no gloves)
SustAt .         Harm     .     (no boots)
MR     .....                    y - amulet of dismissal
Stlth  ..........               (no ring)
                                (no ring)

@: brilliant, berserking, lethally poisoned (-1 -> -55), very quick, not
resistant to hostile enchantments, extremely unstealthy
A: retaliatory headbutt, horns 2
a: no special abilities


You were on level 5 of the Dungeon.
You were not hungry.

You visited 1 branch of the dungeon, and saw 5 of its levels.

You collected 234 gold pieces.

Inventory:

Hand Weapons
 a - a +0 war axe (weapon)
 A - a +2 trident of flaming
Armour
 b - a +0 scale mail (worn)
 c - a +0 shield (worn)
 r - a +1 cloak (worn)
Jewellery
 g - an uncursed ring of stealth {unknown}
 j - an uncursed ring of ice
 y - an amulet of dismissal (around neck)
Wands
 q - a wand of lightning (6/15)
Scrolls
 e - 3 scrolls of amnesia
 h - a scroll of magic mapping {unknown}
 o - a scroll of noise {unknown}
 s - a scroll of teleportation {unknown}
 u - a scroll of enchant armour
 x - a scroll of recharging {unknown}
 z - a scroll of fear {unknown}
 D - a scroll of remove curse {unknown}
Potions
 d - 4 potions of might
 i - a potion of lignification
 l - 2 potions of agility
 m - a potion of ambrosia
 n - a potion of berserk rage
 p - a potion of mutation {unknown}
 t - 2 potions of magic
 v - 2 potions of cancellation {unknown}
 B - a potion of brilliance
Comestibles
 f - 4 bread rations
 k - 2 fruits
 w - a beef jerky
 C - a meat ration


   Skills:
 + Level 6.8 Fighting
 + Level 5.9 Axes
 + Level 6.6 Armour
 + Level 2.4 Dodging
 + Level 6.5 Shields


You had 7 spell levels left.
You didn't know any spells.

Dungeon Overview and Level Annotations

Branches:
Dungeon (5/15)
 Temple: D:4-7

Altars:
Ashenzari
Cheibriados
Dithmenos
Elyvilon
Fedhas
Kikubaaqudgha
Qazlal
Ru
The Shining One

Shops:
D:5 :


Innate Abilities, Weirdness & Mutations

You reflexively headbutt those who attack you in melee.
You have a pair of horns on your head.


Message History

A red film seems to cover your vision as you go berserk!
You feel yourself moving faster!
You feel mighty!
* * * LOW HITPOINT WARNING * * *
You feel very sick.
The orc wizard hits you with a dagger of venom.
* * * LOW HITPOINT WARNING * * *
You are more poisoned.
The orc wizard closely misses you.
The orc priest hits you but does no damage.
You bump into the rock wall.
You feel a strong urge to attack something.
You feel less invigorated.
You feel less confused.
* * * LOW HITPOINT WARNING * * *
You feel very sick.
The orc wizard hits you but does no damage.
You are more poisoned.
You slash the orc wizard!
You kill the orc wizard!
You die...

###########
#.........#
#.###...#.### ##.
#.###..###.......
#.##....#.##.....
#.........o..###.
#.##...##)#..#
##.###.###@# #
####......# #)#
#.?†....### #o#
#.##....# #o# .
#.###.#.# #.# ..
#.# #..... ..#
... #.# #.#....
... .... #.#
....#######
.....## #.# .. #
#....


You could see an orc priest and 2 orcs.

Vanquished Creatures
  The ghost of Renzlar the Shield-Bearer, an amateur DsFi (D:5)
  An ice beast (D:5)
  A phantom (D:5)
  3 scorpions (D:4)
  4 crimson imps (D:5)
  2 hounds (D:5)
  A gnoll shaman (D:4)
  3 orc wizards
  A giant frog skeleton (D:4)
  An iguana (D:5)
  3 worker ants
  A hound skeleton (D:5)
  3 gnolls (D:4)
  A worker ant zombie (D:5)
  9 adders
  2 oozes
  An adder skeleton (D:4)
  2 worms
  3 giant geckos
  5 orcs
  3 ball pythons
  6 giant cockroaches
  11 goblins
  3 hobgoblins
  9 jackals
  2 quokkas (D:2)
  7 bats
  6 giant newts
  4 kobolds
  4 rats
103 creatures vanquished.

Notes
Turn   | Place    | Note
--------------------------------------------------------------
     0 | D:1      | Gingerlord the Minotaur Fighter began the quest for the Orb.
     0 | D:1      | Reached XP level 1. HP: 19/19 MP: 0/0
   151 | D:1      | Reached XP level 2. HP: 22/27 MP: 1/1
   369 | D:1      | Reached XP level 3. HP: 33/33 MP: 2/2
   822 | D:2      | Found a sacrificial altar of Ru.
   893 | D:2      | Found a shadowy altar of Dithmenos.
  1017 | D:2      | Reached XP level 4. HP: 40/40 MP: 3/3
  1257 | D:2      | Found a glowing golden altar of the Shining One.
  1580 | D:3      | Found a stormy altar of Qazlal.
  1583 | D:3      | Found a white marble altar of Elyvilon.
  1585 | D:3      | Found a shattered altar of Ashenzari.
  2240 | D:4      | Reached XP level 5. HP: 21/47 MP: 4/4
  2562 | D:4      | Reached skill level 5 in Shields
  2594 | D:4      | Reached skill level 5 in Fighting
  2594 | D:4      | Reached skill level 5 in Armour
  2636 | D:4      | Reached XP level 6. HP: 38/56 MP: 5/5
  2898 | D:5      | Entered Level 5 of the Dungeon
  3094 | D:4      | Reached skill level 5 in Axes
  3099 | D:4      | Reached XP level 7. HP: 51/62 MP: 6/6
  3257 | D:5      | Found an ancient bone altar of Kikubaaqudgha.
  3276 | D:5      | Found Zuits's Book Shop.
  3360 | D:5      | Noticed Renzlar's ghost (amateur DsFi)
  3544 | D:5      | Killed Renzlar's ghost
  3544 | D:5      | Reached skill level 1 in Dodging
  3673 | D:5      | Found a snail-covered altar of Cheibriados.
  3677 | D:5      | Found a blossoming altar of Fedhas.
  3749 | D:5      | Reached XP level 8. HP: 61/71 MP: 7/7
  3796 | D:5      | HP: 4/106 [orc wizard/dagger of venom (3)]
  3798 | D:5      | Succumbed to an orc wizard's poison

Skill      XL: |  1  2  3  4  5  6  7 |
---------------+----------------------+-----
Armour         | 4 5 6 |  6.6
Shields        | 4 5 6 |  6.5
Fighting       | 4 5 6 |  6.8
Axes           | 3 4 5 |  5.9
Dodging        | 2 |  2.4

Action                   |  1- 3 |  4- 6 |  7- 9 || total
-------------------------+-------+-------+-------++-------
Melee: War axe           |    83 |   151 |   100 ||   334
       Headbutt          |     7 |    19 |    19 ||    45
  Use: Scroll            |       |     7 |       ||     7
       Potion            |       |       |     4 ||     4
  Eat: Chunk             |       |     7 |     3 ||    10
Armor: Scale mail        |    56 |    83 |    39 ||   178
Dodge: Dodged            |    35 |    45 |    40 ||   120
Block: Shield            |    45 |    95 |    48 ||   188
